 Dungeon Crawl Stone Soup version 0.27.1-33-g824d729ab1 (webtiles) character file.

Game seed: 14984254406566731917

1050 halfoni the Chopper (level 8, 0/94 HPs)
             Began as a Human Berserker on Dec 18, 2021.
             Was a Priest of Trog.
             Slain by a centaur (11 damage)
             ... on level 4 of the Dungeon.
             The game lasted 00:09:17 (6847 turns).

halfoni the Chopper (Human Berserker)               Turns: 6847, Time: 00:09:19

Health: 0/94       AC: 12    Str: 19    XL:     8   Next: 50%
Magic:  0/8        EV:  9    Int:  8    God:    Trog [***...]
Gold:   56         SH:  0    Dex: 19    Spells: 7/7 levels left

rFire    . . .     SeeInvis .   a - +1 hand axe
rCold    . . .     Faith    .   (no shield)
rNeg     . . .     Spirit   +   b - +0 chain mail
rPois    .         Reflect  .   (no helmet)
rElec    .         Harm     .   (no cloak)
rCorr    .         Rampage  .   k - +0 pair of gloves
Will     .....                  h - +0 pair of boots
Stlth    ..........             g - amulet of guardian spirit
HPRegen  0.25/turn              o - +6 ring of dexterity
MPRegen  0.11/turn              (no ring)

@: berserking, very quick
A: no striking features
a: Renounce Religion, Berserk, Trog's Hand


You were on level 4 of the Dungeon.
You worshipped Trog.
Trog was most pleased with you.
You visited 1 branch of the dungeon, and saw 5 of its levels.

You collected 164 gold pieces.
You spent 108 gold pieces at shops.

Inventory:

Hand Weapons
 a - a +1 hand axe (weapon)
Armour
 b - a +0 chain mail (worn)
 h - a +0 pair of boots (worn)
 k - a +0 pair of gloves (worn)
Jewellery
 g - an amulet of guardian spirit (around neck)
 o - a +6 ring of dexterity (left hand)
Scrolls
 d - a scroll of identify
 n - a scroll of magic mapping
Potions
 c - a potion of invisibility {unknown}
 e - a potion of mutation {unknown}
 f - a potion of haste
 i - a potion of flight
 j - 2 potions of cancellation
 l - a potion of ambrosia
 m - a potion of curing


   Skills:
 + Level 5.5 Fighting
 + Level 6.9 Axes
 + Level 4.9 Armour
 + Level 3.0 Dodging


You had 7 spell levels left.
You didn't know any spells.
Your spell library was empty.

Dungeon Overview and Level Annotations

Branches:
Dungeon (5/15)
 Temple: D:4-7

Altars:
Elyvilon
Yredelemnul
Zin

Shops:
D:5 [

Annotations:
D:5 Prince Ribbit


Message History

The black bear claws you but does no damage.
The black bear closely misses you.
The black bear claws you but does no damage.
The black bear completely misses you.
You feel yourself speed up. The black bear bites you.
The black bear claws you but does no damage. x2
The centaur unwields the +10 quarterstaff of Wyrd {vorpal, Contam Fly rPois rF+++}.
The centaur wields a +4 shortbow.
The centaur shoots an arrow.
The arrow hits you.
The centaur shoots an arrow.
The arrow misses you.
The centaur shoots an arrow.
The arrow hits you.
You recover from your berserk rage.
There is a stone staircase leading up here.
The centaur shoots an arrow.
The arrow hits you!
There is a stone staircase leading up here.
The centaur unwields a +4 shortbow.
The centaur wields the +10 quarterstaff of Wyrd {vorpal, Contam Fly rPois rF+++}.
The centaur hits you but does no damage.
The centaur kicks you.
The black bear bites you but does no damage.
The black bear claws you. x2
You climb upwards.
There is a stone staircase leading down here.
A red film seems to cover your vision as you go berserk!
You feel yourself moving faster!
You feel mighty!
The centaur hits you with the +10 quarterstaff of Wyrd {vorpal, Contam Fly rPois rF+++}!
* * * LOW HITPOINT WARNING * * *
x2 The centaur closely misses you.
The black bear bites you but does no damage.
The black bear closely misses you. The black bear claws you.
* * * LOW HITPOINT WARNING * * *
The centaur barely misses you. The centaur closely misses you.
You barely miss the black bear.
The black bear is lightly wounded.
You slash the centaur! The black bear bites you.
* * * LOW HITPOINT WARNING * * *
The black bear claws you but does no damage. x2
The centaur hits you with the +10 quarterstaff of Wyrd {vorpal, Contam Fly rPois rF+++}!
You die...

######## ###### ##......##
###....# ##........## .......#
#..........#
.......#####..........###########
.........).........>.............
.......#####..........######...##
...#....# #..........# ###...#
##....#.#####...@h....####.....#
#.#.##........c......#<.......#
#.#>#######.........[...###...##
##...# #............## #.....
#..### #####.............#####..#
#..#####....<..............# #.##
.........##..........###.#.###...
.##########.##......## #.#..##..#
.# #.##....### #.##.##..#


You could see a black bear and a centaur.

Vanquished Creatures
  A human (D:4)
  Menkaure (D:5)
  A necrophage (D:4)
  2 ogres (D:5)
  4 scorpions
  A bullfrog zombie (D:5)
  A hound (D:5)
  A centaur skeleton (D:5)
  A jelly (D:4)
  Ijyb (D:3)
  Terence (D:2)
  A hound skeleton (D:4)
  5 adders
  An ufetubus (D:5)
  A worm (D:4)
  A dart slug (D:2)
  4 orcs (D:3)
  12 endoplasms
  3 giant cockroaches
  4 goblins
  A hobgoblin (D:4)
  2 jackals (D:1)
  9 kobolds
  4 quokkas
  5 ball pythons
  6 bats
  5 frilled lizards
  A jackal zombie (D:4)
  8 rats
88 creatures vanquished.

Notes
Turn   | Place    | Note
-------+----------+-------------------------------------------
     0 | D:1      | halfoni the Human Berserker began the quest for the Orb.
     0 | D:1      | Reached XP level 1. HP: 18/18 MP: 1/1
    31 | D:1      | Found a faded altar of an unknown god.
   644 | D:1      | Reached XP level 2. HP: 24/24 MP: 2/2
  1410 | D:1      | Reached XP level 3. HP: 20/29 MP: 3/3
  1431 | D:1      | Reached ** piety under Trog
  2426 | D:2      | Found a glowing silver altar of Zin.
  2592 | D:2      | Noticed Terence
  2604 | D:2      | Killed Terence
  2605 | D:2      | Reached skill level 4 in Axes
  2605 | D:2      | Reached XP level 4. HP: 37/37 MP: 2/4
  2828 | D:2      | You fall into a shaft and drop 1 floor!
  2871 | D:3      | Noticed Ijyb
  2880 | D:3      | Paralysed by Ijyb for 3 turns
  2888 | D:3      | Killed Ijyb
  2889 | D:3      | Reached XP level 5. HP: 42/42 MP: 5/5
  3775 | D:3      | Found a white marble altar of Elyvilon.
  4587 | D:4      | Noticed a necrophage
  4594 | D:4      | Killed a necrophage
  4595 | D:4      | Reached XP level 6. HP: 49/49 MP: 6/6
  5027 | D:4      | Found a runed translucent door.
  5027 | D:4      | Noticed a human
  5032 | D:4      | Reached skill level 5 in Axes
  5035 | D:4      | Found a basalt altar of Yredelemnul.
  5349 | D:4      | Killed a human
  5350 | D:4      | Reached XP level 7. HP: 37/55 MP: 5/7
  5729 | D:5      | Entered Level 5 of the Dungeon
  5729 | D:5      | Found Jemeul's Armour Shoppe.
  6054 | D:5      | Noticed Menkaure
  6057 | D:5      | Killed Menkaure
  6058 | D:5      | Reached skill level 5 in Fighting
  6058 | D:5      | Reached skill level 6 in Axes
  6109 | D:5      | Identified the +8 falchion "Xyumis" {flame, rC+}
  6155 | D:5      | Noticed Prince Ribbit
  6166 | D:5      | Reached XP level 8. HP: 62/62 MP: 8/8
  6171 | D:5      | Reached *** piety under Trog
  6762 | D:5      | Bought a +0 pair of boots for 54 gold pieces
  6762 | D:5      | Bought a +0 pair of gloves for 54 gold pieces
  6818 | D:5      | Identified the +10 quarterstaff of Wyrd {vorpal, Contam Fly
                  | rPois rF+++}
  6847 | D:4      | Slain by a centaur

Illustrated notes

Levels and vault maps discovered:
D:1:      eino_arrival_water_star, layout_basic, ebering_ecumenical_altar_ruins,
          chequers_serial_rivers_large_a
D:2:      layout_basic, basic_altar, uniq_terence
D:3:      minmay_general_purpose_star, layout_basic, overflow_temple_1_default,
          minmay_liquid_box, nrook_uturn, minmay_misc_feat_rows, uniq_ijyb
D:4:      layout_rooms, dk_yredelemnul_ordeal
D:5:      layout_basic, serial_shops, nicolae_stop_n_shop_1, minmay_circle_x,
          uniq_menkaure, uniq_pikel, uniq_prince_ribbit1

Skill      XL: |  1  2  3  4  5  6  7  8 |
---------------+-------------------------+-----
Axes           | 4 5 6 |  6.9
Fighting       | 4 5 |  5.5
Armour         | 3 4 |  4.9
Dodging        | 3 |  3.0

Action                   |  1- 3 |  4- 6 |  7- 9 || total
-------------------------+-------+-------+-------++-------
Melee: Hand axe          |   116 |   149 |    87 ||   352
Invok: Berserk           |     3 |     6 |     6 ||    15
  Use: Scroll            |       |       |    11 ||    11
 Stab: Sleeping          |     1 |       |       ||     1
Armor: Animal skin       |    33 |       |       ||    33
       Scale mail        |     3 |       |       ||     3
       Chain mail        |       |    74 |    58 ||   132
Dodge: Dodged            |    90 |    46 |    47 ||   183
